 Dungeon Crawl Stone Soup version 0.26-a0-660-gc07710193c (webtiles) character file.

Game seed: 5553662594897765520

11349 snetch the Cleaver (level 11, -3/101 HPs)
             Began as a Minotaur Berserker on Oct 6, 2020.
             Was an Elder of Trog.
             Slain by a cyan ugly thing (15 damage)
             ... on level 10 of the Dungeon on Oct 7, 2020.
             The game lasted 00:49:30 (11717 turns).

snetch the Cleaver (Minotaur Berserker)            Turns: 11717, Time: 00:49:30

Health: -3/101     AC: 19    Str: 21      XL:     11   Next: 48%
Magic:  0/10       EV: 11    Int:  1 (4)  God:    Trog [****..]
Gold:   706        SH:  0    Dex: 14      Spells: 10/10 levels left

rFire    . . .     SeeInvis .   h - +0 hunting sling (curse)
rCold    . . .     Faith    .   (no shield)
rNeg     + . .     Spirit   +   R - +3 chain mail "Buinojoe" {Dex+4}
rPois    +         Reflect  .   (helmet restricted)
rElec    .         Harm     .   x - +0 cloak (curse)
rCorr    .         Rampage  .   r - +0 pair of gloves
MR       ++...                  m - +0 pair of boots
Stlth    ..........             c - amulet of guardian spirit
HPRegen  0.26/turn              n - ring of poison resistance
MPRegen  0.12/turn              U - ring "Cotew" {Wiz rN+ MR++ Str-4}

@: no status effects
A: retaliatory headbutt, horns 2
a: Berserk, Trog's Hand, Brothers in Arms, Renounce Religion


You were on level 10 of the Dungeon.
You worshipped Trog.
Trog was greatly pleased with you.
You visited 2 branches of the dungeon, and saw 12 of its levels.

You collected 706 gold pieces.

Inventory:

Hand Weapons
 a - a +0 broad axe
 b - a +1 flail of protection
 h - a cursed +0 hunting sling (weapon)
 t - a +0 trident
 C - the +7 flail "Zusiock" {vamp, *Noise +Blink Str+2}
   (You found it on level 10 of the Dungeon)

   It inflicts no extra harm, but heals its wielder when it wounds a living foe.
   It affects your strength (+2).
   It lets you blink.
   It may make noises in combat.
 E - a +1 shortbow of flaming
 F - a +0 halberd
Missiles
 d - 346 stones
 e - 270 arrows
 f - 21 boomerangs
 i - 120 bolts
 k - 6 javelins
 l - 31 sling bullets (quivered)
 s - 19 poisoned darts
 I - a throwing net
 W - 3 boomerangs of dispersal
Armour
 m - a +0 pair of boots (worn)
 r - a +0 pair of gloves (worn)
 x - a cursed +0 cloak (worn)
 R - the +3 chain mail "Buinojoe" (worn) {Dex+4}
   (You found it on level 8 of the Dungeon)

   It affects your dexterity (+4).
Jewellery
 c - an amulet of guardian spirit (around neck)
 n - a ring of poison resistance (left hand)
 J - an uncursed ring of ice
 U - the ring "Cotew" (right hand) {Wiz rN+ MR++ Str-4}
   (You found it on level 9 of the Dungeon)

   [ring of wizardry]

   It improves your spell success rate.
   It affects your strength (-4).
   It protects you from negative energy.
   It affects your resistance to hostile enchantments.
Wands
 w - a wand of disintegration (10)
 y - a wand of polymorph (9)
 N - a wand of paralysis (9)
 Q - a wand of enslavement (5)
 V - a wand of iceblast (3)
Scrolls
 j - 3 scrolls of identify
 o - a scroll of fog
 p - 5 scrolls of teleportation
 v - 2 scrolls of fear
 B - a scroll of blinking
 D - a scroll of immolation
 H - 2 scrolls of noise
 L - a scroll of magic mapping
 T - a scroll of summoning
Potions
 g - 3 potions of lignification
 q - a potion of invisibility
 u - a potion of resistance
 z - 4 potions of curing
 A - a potion of might
 O - a potion of heal wounds


   Skills:
 + Level 10.8 Fighting
 * Level 14.0 Axes
 + Level 2.2 Slings
 + Level 11.4 Armour
 + Level 5.4 Dodging
 + Level 1.5 Stealth
 + Level 1.1 Evocations


You had 10 spell levels left.
You didn't know any spells.
Your spell library contained the following spells:

 Spells                   Type           Power        Failure   Level
 Confusing Touch          Hex            #.......     99%         3
 Gell's Gravitas          Tloc           #.........   99%         3
 Petrify                  Tmut/Erth      #.......     100%        4
 Metabolic Englaciation   Hex/Ice        #.........   100%        5
 Yara's Violent Unravell  Hex/Tmut       #.........   100%        5


Dungeon Overview and Level Annotations

Branches:
Dungeon (11/15)            Temple (1/1) D:7             Orc (0/2) D:10
   Lair: D:8-11

Altars:
Ashenzari
Cheibriados
Dithmenos
Elyvilon
Fedhas
Gozag
Hepliaklqana
Kikubaaqudgha
Makhleb
Nemelex Xobeh
Okawaru
Qazlal
Ru
Sif Muna
Trog
Uskayaw
Vehumet
Wu Jian
Xom
Yredelemnul
Zin
The Shining One
Lugonu

Annotations:
D:6 deep water
D:11 Erica


Innate Abilities, Weirdness & Mutations

You reflexively headbutt those who attack you in melee.
You have a pair of horns on your head.


Message History

Aim: a cyan ugly thing (severely wounded, chance to defeat MR: 53%)
The cyan ugly thing resists with significant effort.
The cyan ugly thing barely misses you.
Evoke which item? (* to show all) (? for menu, Esc to quit)
Aiming: Disintegrate
Press: ? - help, Shift-Dir - straight line, f/p - cyan ugly thing
Aim: a cyan ugly thing (severely wounded, chance to defeat MR: 53%)
The cyan ugly thing is blasted!!
The cyan ugly thing tail-slaps you.
* * * LOW HITPOINT WARNING * * *
The cyan ugly thing shocks you!
* * * LOW HITPOINT WARNING * * *
The cyan ugly thing misses you.
You feel much better. The cyan ugly thing tail-slaps you!
* * * LOW HITPOINT WARNING * * *
The cyan ugly thing shocks you!
* * * LOW HITPOINT WARNING * * *
You fail to use your ability.
The cyan ugly thing tail-slaps you.
* * * LOW HITPOINT WARNING * * *
The cyan ugly thing shocks you!
You die...

#################################
.................................
............................#####
.######.....###u............# #
.# #.....# #.@...#####...# # .#
#.....###.....# #...##### .#
#......[......# #........
.######(..######....# #.######'
..))).(...#....#....# #.#......
#'#########....#....#####.#......
#........##....'..........#......
#........##....############......
#........##...............#......


You could see a cyan ugly thing.

Vanquished Creatures
  Gastronok (D:8)
  A hydra (D:10)
  A two-headed ogre (D:9)
  An ugly thing (D:9)
  Grinder (D:3)
  7 yaks
  A wraith (D:10)
  A steam dragon (D:9)
  2 ice beasts
  4 orc warriors
  2 sky beasts
  4 ogres
  2 phantoms
  7 centaurs
  4 bullfrogs
  A wyvern zombie (D:7)
  4 scorpions
  3 electric eels (D:7)
  17 killer bees
  2 quasits (D:7)
  3 jellies
  5 hounds
  2 bullfrog skeletons
  6 orc priests
  A centaur skeleton (D:7)
  17 orc wizards
  Jessica (D:2)
  7 worker ants
  A hound zombie (D:4)
  A hound skeleton (D:4)
  2 worker ant zombies
  18 gnolls
  10 adders
  2 shadow imps
  2 white imps
  2 ufetubi (D:5)
  2 oozes
  A worm (D:3)
  2 dart slugs
  9 leopard geckos
  28 orcs
  4 ball pythons
  6 giant cockroaches
  4 goblins
  5 hobgoblins (D:3)
  5 quokkas
  A ball python skeleton (D:6)
  8 bats
  2 frilled lizards (D:2)
  A jackal zombie (D:5)
  9 kobolds
  A leopard gecko skeleton (D:8)
  4 rats
  A butterfly (D:7)
239 creatures vanquished.

Vanquished Creatures (collateral kills)
  An unseen horror (D:11)
  Maurice (D:10)
  3 kobold demonologists (D:11)
  2 yaks (D:10)
  A warg (D:10)
  A soldier ant (D:7)
  2 orc warriors (D:10)
  3 killer bees (D:10)
  An orc priest (D:10)
  2 worker ants (D:7)
  3 giant cockroaches (D:7)
20 creatures vanquished.

Vanquished Creatures (others)
  An orc (D:9)
  2 demonic plants (D:11)
  8 fungi (D:7)
  25 plants
36 creatures vanquished.

Grand Total: 295 creatures vanquished

Notes
Turn   | Place    | Note
-------+----------+-------------------------------------------
     0 | D:1      | snetch the Minotaur Berserker began the quest for the Orb.
     0 | D:1      | Reached XP level 1. HP: 19/19 MP: 0/0
   117 | D:2      | Reached XP level 2. HP: 23/27 MP: 1/1
   199 | D:1      | Reached skill level 4 in Axes
   762 | D:2      | Reached XP level 3. HP: 20/33 MP: 0/2
  1060 | D:3      | Reached XP level 4. HP: 40/41 MP: 3/3
  1470 | D:2      | Noticed Jessica
  1473 | D:2      | Killed Jessica
  1473 | D:2      | Reached ** piety under Trog
  1473 | D:2      | Reached skill level 5 in Axes
  1665 | D:2      | Found a hazy altar of Hepliaklqana.
  1667 | D:2      | Found a stormy altar of Qazlal.
  1675 | D:2      | Lost intelligence.
  1881 | D:3      | Noticed Grinder
  1881 | D:3      | Paralysed by Grinder for 5 turns
  1895 | D:3      | Killed Grinder
  1895 | D:3      | Reached skill level 5 in Fighting
  1895 | D:3      | Reached XP level 5. HP: 18/48 MP: 1/4
  1895 | D:3      | Reached XP level 6. HP: 21/56 MP: 1/5
  2561 | D:3      | Reached skill level 6 in Axes
  2696 | D:4      | Reached XP level 7. HP: 45/62 MP: 6/6
  3010 | D:4      | Reached skill level 5 in Armour
  3031 | D:4      | Reached skill level 7 in Axes
  3156 | D:5      | Entered Level 5 of the Dungeon
  3371 | D:6      | Reached skill level 8 in Axes
  3531 | D:6      | Reached XP level 8. HP: 60/70 MP: 5/7
  3549 | D:6      | Reached *** piety under Trog
  3838 | D:6      | Found a sparkling altar of Nemelex Xobeh.
  3889 | D:7      | Found a sacrificial altar of Ru.
  4064 | D:4      | Reached skill level 9 in Axes
  4205 | D:2      | Found a sacrificial altar of Ru.
  5100 | D:6      | Found an ancient bone altar of Kikubaaqudgha.
  5263 | D:7      | Found a staircase to the Ecumenical Temple.
  5332 | Temple   | Entered the Ecumenical Temple
  5545 | D:7      | Found a blossoming altar of Fedhas.
  5570 | D:7      | Reached skill level 10 in Axes
  5570 | D:7      | Reached XP level 9. HP: 62/79 MP: 3/8
  5755 | D:7      | Found a white marble altar of Elyvilon.
  5884 | D:7      | Found a runed translucent door.
  5885 | D:7      | Found a runed translucent door.
  6463 | D:7      | Reached **** piety under Trog
  7200 | D:8      | Found a hide-covered altar of Uskayaw.
  7211 | D:8      | Reached skill level 11 in Axes
  7394 | D:8      | Noticed Gastronok
  7413 | D:8      | Killed Gastronok
  7413 | D:8      | Reached skill level 12 in Axes
  7413 | D:8      | Reached XP level 10. HP: 42/90 MP: 4/9
  7418 | D:8      | Found a burning altar of Makhleb.
  7729 | D:8      | Reached skill level 1 in Stealth
  7762 | D:8      | Got a jet-studded chain mail
  7772 | D:8      | Identified the +3 chain mail "Buinojoe" {Dex+4} (You found
                  | it on level 8 of the Dungeon)
  8366 | D:9      | Noticed a two-headed ogre
  8381 | D:9      | Killed a two-headed ogre
  8381 | D:9      | Reached skill level 10 in Armour
  8411 | D:9      | Reached skill level 13 in Axes
  8411 | D:9      | Reached skill level 5 in Dodging
  8678 | D:10     | Entered Level 10 of the Dungeon
  9032 | D:9      | Got a transparent jade ring
  9034 | D:9      | Identified the ring "Cotew" {Wiz rN+ MR++ Str-4} (You found
                  | it on level 9 of the Dungeon)
  9046 | D:9      | Noticed a purple ugly thing
  9064 | D:9      | Killed a purple ugly thing
  9276 | D:9      | Found a bloodstained altar of Trog.
  9496 | D:9      | Reached XP level 11. HP: 37/99 MP: 1/10
  9807 | D:10     | Found a staircase to the Orcish Mines.
  9814 | D:10     | Reached skill level 10 in Fighting
  9938 | D:10     | Got a polished flail
 10362 | D:10     | Noticed Maurice
 10370 | D:10     | Killed Maurice
 11090 | D:10     | Noticed a four-headed hydra
 11100 | D:10     | Killed a four-headed hydra
 11100 | D:10     | Reached skill level 1 in Evocations
 11191 | D:10     | Identified the +7 flail "Zusiock" {vamp, *Noise +Blink
                  | Str+2} (You found it on level 10 of the Dungeon)
 11417 | D:11     | Killed an unseen horror
 11417 | D:11     | Reached skill level 14 in Axes
 11417 | D:11     | Reached skill level 1 in Slings
 11439 | D:11     | Found a corrupted altar of Lugonu.
 11446 | D:11     | Noticed Erica
 11446 | D:11     | Noticed a cyan ugly thing
 11707 | D:10     | HP: 1/101 [cyan ugly thing (13)]
 11717 | D:10     | Slain by a cyan ugly thing

Illustrated notes

Levels and vault maps discovered:
D:1:      matt_arrival_refuge, layout_rooms
D:2:      layout_basic, nicolae_overflow_hidden_temple, uniq_jessica
D:3:      layout_basic, uniq_grinder
D:4:      minmay_angry_zag, layout_basic
D:5:      layout_cave_pools
D:6:      layout_rooms, kiku_gazebo_pond_becter, basic_altar,
          lemuel_another_geyser
D:7:      lemuel_insect_pit, layout_basic, fedhas_altar_3, lemuel_doored_altar,
          temple_fountains, basic_altar, serial_bayou_lagoon_b
D:8:      layout_basic, eat_drink_and_be_merry_uskayaw, bloody_makhleb,
          uniq_gastronok
D:9:      layout_basic, lemuel_round_altar
D:10:     layout_stronghold, david_orc_1_choice, uniq_maurice
D:11:     kennysheep_kobold_lugonu_temple, layout_basic,
          erik_lair_orcish_takeover, basic_altar, tso_altar, uniq_erica,
          uniq_josephine
Temple:   jpeg_temple_clearing

Skill      XL: |  1  2  3  4  5  6  7  8  9 10 11 |
---------------+----------------------------------+-----
Fighting       | 4 5 6 7 8 9 10 | 10.8
Axes           | 4 5 6 8 10 12 13 14 | 14.0
Armour         | 4 6 7 9 10 11 | 11.4
Dodging        | 3 4 5 |  5.4
Stealth        | 1 |  1.5
Evocations     | 1 |  1.1
Slings         | 2 |  2.2

Action                   |  1- 3 |  4- 6 |  7- 9 | 10-12 || total
-------------------------+-------+-------+-------+-------++-------
Melee: Hand axe          |    48 |   110 |       |       ||   158
       Headbutt          |     7 |    24 |    55 |    43 ||   129
       War axe           |       |       |   310 |   120 ||   430
       Short sword       |       |       |       |    68 ||    68
       Hunting sling     |       |       |       |     2 ||     2
 Fire: Hunting sling     |       |       |       |   131 ||   131
Throw: Javelin           |       |       |       |     3 ||     3
Invok: Berserk           |     1 |       |     1 |     3 ||     5
       Trog's Hand       |       |     2 |     4 |     3 ||     9
       Brothers in Arms  |       |       |       |     4 ||     4
Evoke: Wand              |       |       |       |    33 ||    33
  Use: Scroll            |       |     3 |    12 |     5 ||    20
       Potion            |       |       |       |     1 ||     1
Armor: Animal skin       |    16 |       |       |       ||    16
       Ring mail         |     2 |       |       |       ||     2
       Chain mail        |     2 |    87 |   124 |   206 ||   419
       Plate armour      |       |       |    91 |     4 ||    95
Dodge: Dodged            |    43 |    55 |   185 |   196 ||   479

Table legend: (Time is in decaauts)
 A = Elapsed time spent in this place.
 B = Non-inter-level travel time spent in this place.
 C = Inter-level travel time spent in this place.
 D = Time resting spent in this place.
 E = Time spent auto-exploring this place.
 F = Levels seen in this place.
 G = Mean time per level.
                   A        B        C        D        E       F      G
               +--------+--------+--------+--------+--------+-----+--------+
         Total |  13039 |  12305 |    734 |    807 |   7792 |  12 | 1086.6 |
       Dungeon |  12848 |  12129 |    719 |    807 |   7692 |  11 | 1168.0 |
        Temple |    190 |    175 |     15 |      0 |    100 |   1 |  190.0 |
               +--------+--------+--------+--------+--------+-----+--------+

Top non-repeatable levels by time:
    D:10: 2022 daAuts
     D:7: 1922 daAuts
     D:3: 1655 daAuts
     D:9: 1363 daAuts
     D:2: 1297 daAuts
     D:4: 1197 daAuts
     D:8: 1118 daAuts
     D:5: 805 daAuts
     D:1: 688 daAuts
     D:6: 659 daAuts
  Temple: 190 daAuts
    D:11: 117 daAuts
